 Dungeon Crawl Stone Soup version 0.17.0-15-g6d90897 (webtiles) character file.

574 HungrySpirit the Ruffian (level 7, -1/52 HPs)
             Began as a Mottled Draconian Transmuter on Nov 11, 2015.
             Slain by a centaur (5 damage)
             ... on level 5 of the Dungeon.
             The game lasted 00:08:16 (4440 turns).

HungrySpirit the Ruffian (DrTm)                     Turns: 4440, Time: 00:08:16

Health: -1/52      AC:  2    Str: 13    XL:     7   Next: 12%
Magic:  11/12      EV: 19    Int: 15    God:
Gold:   179        SH:  0    Dex: 16    Spells: 4 memorised, 2 levels left

rFire  . . .     SeeInvis .       - Unarmed
rCold  . . .     Clarity  .     (armour unavailable)
rNeg   . . .     SustAt   .     (shield currently unavailable)
rPois  x         Gourm    .     (helmet currently unavailable)
rElec  .         Spirit   .     (cloak currently unavailable)
rCorr  .         Warding  .     (gloves currently unavailable)
rMut   .         Stasis   .     (boots currently unavailable)
MR     .....                    (no amulet)
Stlth  ++........               (no ring)
                                e - ring of stealth

@: spider-form (expiring), not resistant to hostile enchantments, unstealthy
A: (breathe sticky flame splash), unfitting armour, (cold-blooded), AC +6
a: End Transformation


You were on level 5 of the Dungeon.
You were not hungry.
You were a venomous arachnid creature.
You visited 1 branch of the dungeon, and saw 5 of its levels.

You collected 179 gold pieces.

Inventory:

Armour
 s - a +0 pair of boots (melded)
Jewellery
 e - a ring of stealth (left front leg)
Scrolls
 d - 8 scrolls of identify {unknown}
 k - a scroll of remove curse {unknown}
 l - a scroll of blinking {unknown}
 o - a scroll of teleportation {unknown}
 p - a scroll of amnesia {unknown}
 r - a scroll of recharging {unknown}
 u - a scroll of immolation {unknown}
 v - a scroll of enchant weapon {unknown}
 y - a scroll of fear {unknown}
Potions
 g - a potion of haste {unknown}
 h - 2 potions of flight {unknown}
 i - 2 potions of agility {unknown}
 j - 2 potions of might {unknown}
 m - a potion of magic {unknown}
 n - 2 potions of lignification {unknown}
 q - a potion of berserk rage {unknown}
 t - 2 potions of brilliance {unknown}
 w - a potion of curing {unknown}
 x - a potion of ambrosia {unknown}
Books
 a - a book of Clouds

   Spells                             Type                      Level
   a - Mephitic Cloud                 Conjuration/Poison/Air       3
   b - Conjure Flame                  Conjuration/Fire             3
   c - Poisonous Cloud                Conjuration/Poison/Air       6
   d - Freezing Cloud                 Conjuration/Ice/Air          6
   e - Ring of Flames                 Charms/Fire                  7
 b - a book of Changes

   Spells                             Type                      Level
   a - Beastly Appendage              Transmutation                1
   b - Sticks to Snakes               Transmutation                2
   c - Spider Form                    Transmutation/Poison         3
   d - Ice Form                       Ice/Transmutation            4
   e - Blade Hands                    Transmutation                5
Comestibles
 c - 2 bread rations
 f - a meat ration
 A - 3 fruits


   Skills:
 - Level 1.1 Fighting
 - Level 1.7 Dodging
 * Level 5.8 Unarmed Combat
 + Level 3.4 Spellcasting
 * Level 5.1 Transmutations
 + Level 0.0 Poison Magic


You had 2 spell levels left.
You knew the following spells:

 Your Spells              Type           Power        Failure   Level  Hunger
a - Beastly Appendage     Trmt           ###...       10%         1    None
b - Sticks to Snakes      Trmt           ###.......   14%         2    ##.....
c - Spider Form           Trmt/Pois      ##........   45%         3    ###....
d - Ice Form              Ice/Trmt       ##......     91%         4    ####...


Dungeon Overview and Level Annotations

Branches:
Dungeon (5/15)
 Temple: D:4-7

Altars:
Dithmenos
Fedhas
Nemelex Xobeh


Innate Abilities, Weirdness & Mutations

((You can spit globs of burning liquid.))
((You can ignite nearby creatures when you spit burning liquid.))
((Your weird mottled scales are hard (AC +6).))
Your body does not fit into most forms of armour.
((You are cold-blooded and may be slowed by cold attacks.))


Message History

The gnoll closely misses you.
Your transformation is almost over.
You see here an arrow.
You hit the gnoll.
The gnoll is poisoned.
The gnoll is heavily wounded.
The gnoll barely misses you.
You hit the gnoll.
You kill the gnoll!
The gnoll hits you with a spear of piercing!
* * * LOW HITPOINT WARNING * * *
x2 The gnoll misses you.
You see here an arrow.
You see here an arrow.
The centaur unwields an uncursed shortbow.
The centaur hits you!
* * * LOW HITPOINT WARNING * * *
You bite the centaur!
The centaur is poisoned.
The centaur is heavily wounded.
The centaur hits you.
You die...

#≈≈≈..≈≈
≈≈..≈
##''#
#..(###
#.#(..#
#.#g#.#
#<()#.#
#g###.#
#..sc.#
#######


You could see a centaur and a gnoll.

Vanquished Creatures
  An ogre (D:4)
  A scorpion (D:4)
  2 centaur skeletons (D:4)
  3 orc priests (D:4)
  Ijyb (D:2)
  An iguana (D:4)
  Jessica (D:2)
  3 worker ants (D:4)
  2 adders
  4 gnolls
  2 worms
  7 orcs
  3 ball pythons
  5 bats
  6 giant cockroaches
  6 goblins
  9 hobgoblins
  2 jackals (D:4)
  8 kobolds
  A quokka (D:4)
  6 giant geckos
  3 giant newts
  A quokka skeleton (D:4)
  A quokka zombie (D:4)
  5 rats
84 creatures vanquished.

Vanquished Creatures (collateral kills)
  An adder (D:2)
  A gnoll (D:2)
  A hobgoblin (D:2)
3 creatures vanquished.

Grand Total: 87 creatures vanquished

Notes
Turn   | Place    | Note
--------------------------------------------------------------
     0 | D:1      | HungrySpirit the Draconian Transmuter began the quest for the Orb.
     0 | D:1      | Reached XP level 1. HP: 16/16 MP: 3/3
   247 | D:1      | Reached XP level 2. HP: 23/23 MP: 3/5
   667 | D:1      | Learned a level 2 spell: Sticks to Snakes
   741 | D:2      | Found a blossoming altar of Fedhas.
   772 | D:2      | Noticed Ijyb
   795 | D:2      | Killed Ijyb
   795 | D:2      | Reached XP level 3. HP: 20/28 MP: 4/6
  1138 | D:2      | Found a shadowy altar of Dithmenos.
  1328 | D:2      | Noticed Jessica
  1346 | D:2      | Reached skill level 4 in Unarmed Combat
  1346 | D:2      | Reached XP level 4. HP: 21/35 MP: 1/7
  1420 | D:2      | Killed Jessica
  2285 | D:3      | Learned a level 3 spell: Spider Form
  2396 | D:3      | Reached XP level 5. HP: 34/40 MP: 6/9
  3380 | D:4      | Found a sparkling altar of Nemelex Xobeh.
  3402 | D:4      | Noticed an ogre
  3412 | D:4      | Reached skill level 5 in Unarmed Combat
  3429 | D:4      | Killed an ogre
  3429 | D:4      | Reached XP level 6. HP: 4/47 MP: 7/10
  4236 | D:4      | Your scales start taking on a weird mottled colour.
  4236 | D:4      | Reached XP level 7. HP: 44/52 MP: 10/12
  4268 | D:4      | Reached skill level 5 in Transmutations
  4335 | D:4      | Learned a level 4 spell: Ice Form
  4398 | D:5      | Entered Level 5 of the Dungeon
  4440 | D:5      | Slain by a centaur

Action                   |  1- 3 |  4- 6 |  7- 9 || total
-------------------------+-------+-------+-------++-------
Melee: Unarmed           |    96 |   175 |    11 ||   282
 Cast: Beastly Appendage |    18 |    30 |       ||    48
       Sticks to Snakes  |     3 |     9 |       ||    12
       Spider Form       |       |     3 |     2 ||     5
 Stab: Sleeping          |     6 |     5 |       ||    11
       Distracted        |       |     1 |       ||     1
  Eat: Chunk             |     2 |     6 |       ||     8
       Meat ration       |       |     1 |       ||     1
